 Dungeon Crawl Stone Soup version 0.27-a0-1217-g8a41f320e8 (webtiles) character file.

Game seed: 7035987849004803540

38 sanka the Skirmisher (level 3, -3/30 HPs)
             Began as a Djinni Artificer on June 5, 2021.
             Slain by a gnoll
             ... wielding a +0 halberd
              (7 damage)
             ... on level 2 of the Dungeon.
             The game lasted 00:03:12 (2382 turns).

sanka the Skirmisher (Djinni Artificer)             Turns: 2382, Time: 00:03:12

Health: -3/30      AC: 10    Str: 11    XL:     3   Next: 65%
Gold:   69         EV:  2    Int: 13    God:
                   SH:  0    Dex: 13

rFire    + + .     SeeInvis .   h - +1 dagger (protect)
rCold    . . .     Faith    .   (no shield)
rNeg     . . .     Spirit   .   k - +0 plate armour
rPois    ∞         Reflect  .   (no helmet)
rElec    .         Harm     .   (no cloak)
rCorr    .         Rampage  .   (no gloves)
Will     .....                  (boots unavailable)
Stlth    ..........             (no amulet)
HPRegen  0.10/turn              (no ring)
MPRegen  0.00/turn              f - ring of protection from cold

@: flying
A: sickness immunity, fire resistance 2, cold vulnerability 1, float, innate
caster, hp casting, extra vitality 1
a: no special abilities


You were on level 2 of the Dungeon.
You visited 1 branch of the dungeon, and saw 2 of its levels.

You collected 69 gold pieces.


Innate Abilities, Weirdness & Mutations

You are immune to sickness and miasma.
You are immune to poison.
Your flesh is very heat resistant. (rF++)
You are vulnerable to cold. (rC-)
You float through the air rather than walking.
You learn spells naturally, not from books.
Your magical power is your life essence.
You have superior vitality. (+4 HP)


   Skills:
 + Level 3.2 Fighting
 - Level 1.0 Armour
 - Level 2.1 Dodging
 - Level 0.7 Stealth
 - Level 3.0 Evocations


You had one spell level left.
You knew the following spells:

 Your Spells              Type           Power      Damage    Failure   Level
z - Summon Small Mammal   Summ           0%         N/A       100%        1
Your spell library was empty.

Inventory:

Hand Weapons
 a - a +0 club
 h - a +1 dagger of protection (weapon)
Armour
 b - a +0 leather armour
 k - a +0 plate armour (worn)
Jewellery
 f - a ring of protection from cold (right hand)
Wands
 c - a wand of flame (14) (quivered)
 d - a wand of charming (13)
Scrolls
 g - a scroll of amnesia {unknown}
 i - a scroll of magic mapping {unknown}
 j - 3 scrolls of teleportation {unknown}
Miscellaneous
 e - a piece from Xom's chessboard (15/15)

Dungeon Overview and Level Annotations

Branches:
Dungeon (2/15)

Altars:

... ▒.. ▒. ▒.▒ ▒. ▒.▒ ▒.
▒.▒ ▒. ▒.▒ ▒.▒▒ ▒▒▒▒▒▒.▒
▒..▒▒▒▒▒......▒▒▒▒▒▒▒
▒▒▒▒▒▒.ggR)...........=...
........▒▒▒▒▒.▒▒.▒▒▒▒▒▒▒..
.......[▒[▒.▒..▒)▒ ▒...
.▒▒▒▒▒▒.......▒▒.▒▒ ▒▒..
▒.▒▒.....▒..▒ ▒▒..
▒.▒.....▒▒..▒ ▒...
▒.▒▒........▒ ▒..<
▒.▒=.▒.▒.▒..........
..▒▒.▒▒▒▒▒.▒▒▒▒▒▒.▒▒


You could see a gnoll and a goblin.


Message History

The goblin unwields a +0 hunting sling.
The goblin wields a +0 club.
The goblin hits your gnoll with a +0 club.
The gnoll hits your gnoll from afar with a +0 halberd!
Your gnoll dies!
The gnoll shouts!
The goblin unwields a +0 club.
The goblin wields a +0 hunting sling.
The goblin shoots a stone.
The stone hits you but does no damage.
The goblin shoots a stone.
The stone hits you but does no damage.
The goblin shoots a stone.
The stone completely misses you.
The goblin shoots a stone.
The stone hits you but does no damage.
The goblin shoots a stone.
The stone hits you.
* * * LOW HITPOINT WARNING * * *
You see here a +0 spear.
The goblin unwields a +0 hunting sling.
The goblin wields a +0 club.
The goblin hits you but does no damage.
The gnoll hits you from afar with a +0 halberd!
* * * LOW HITPOINT WARNING * * *
Things that are here:
a +0 halberd; a gnoll corpse Your plate armour prevents you from hitting the goblin.
The gnoll hits you from afar with a +0 halberd!
You die...

Action                   || total
-------------------------++-------
Melee: Club              ||   117
       Dagger            ||   364
Evoke: Wand              ||     3
 Stab: Sleeping          ||     3
Armor: Leather armour    ||    70
       Plate armour      ||    29
Dodge: Dodged            ||   130

Levels and vault maps discovered:
D:1:      lightli_arrival_farm, layout_basic, serial_forest,
          infiniplex_forest_clump_curved, infiniplex_forest_clump_curved,
          infiniplex_forest_clump_medium, infiniplex_forest_lined_1,
          infiniplex_forest_diagonal, infiniplex_forest_zigzag_1
D:2:      layout_loops_ring, serial_shops, shop, roderic_roman_lattice,
          minmay_octomino_e4

Notes
Turn   | Place    | Note
-------+----------+-------------------------------------------
     0 | D:1      | sanka the Djinni Artificer began the quest for the Orb.
     0 | D:1      | Reached XP level 1. HP: 17/17 MP: 0/0
   412 | D:1      | Reached XP level 2. HP: 13/23 MP: 0/0
   421 | D:1      | Reached skill level 2 in Fighting
   990 | D:1      | Reached XP level 3. HP: 12/29 MP: 0/0
   990 | D:1      | Learned a level 1 spell: Summon Small Mammal
  1602 | D:1      | Reached skill level 3 in Fighting
  2381 | D:2      | HP: 3/30 [gnoll/+0 halberd (12)]
  2382 | D:2      | Slain by a gnoll

Vanquished Creatures
  2 dart slugs (D:1)
  An orc (D:2)
  3 ball pythons
  3 endoplasms
  A giant cockroach (D:1)
  A goblin (D:1)
  2 hobgoblins (D:1)
  6 jackals
  2 kobolds (D:1)
  4 bats (D:1)
  A frilled lizard (D:2)
  3 rats
  A bush (D:1)
30 creatures vanquished.

Vanquished Creatures (others)
  2 gnolls (D:2)
  4 plants (D:1)
6 creatures vanquished.

Grand Total: 36 creatures vanquished
